 Dungeon Crawl Stone Soup version 0.31-a0-150-g89dc3ad700 (webtiles) character file.

Game seed: 16125896722196699458

32 qw the Shooter (level 3, -1/31 HPs)
             Began as a Minotaur Hunter on June 8, 2023.
             Slain by Sigmund
             ... wielding a +0 scythe
              (9 damage)
             ... on level 2 of the Dungeon.
             The game lasted 00:00:23 (928 turns).

qw the Shooter (Minotaur Hunter)                     Turns: 928, Time: 00:00:24

Health: -1/31      AC:  3    Str: 15    XL:     3   Next: 8%
Magic:  2/2        EV: 12    Int:  6    God:
Gold:   73         SH:  0    Dex: 15    Spells: 2/2 levels left

rFire   . . .        Y - +0 shortbow
rCold   . . .        (shield currently unavailable)
rNeg    . . .        c - +0 leather armour
rPois   .            (helmet restricted)
rElec   .            (no cloak)
rCorr   .            (no gloves)
SInv    .            (no boots)
Will    .....        (no amulet)
Stlth   +            (no ring)
HPRegen 0.25/turn    (no ring)
MPRegen 0.08/turn

%: no passive effects
@: no status effects
A: horns 2, retaliatory headbutt
a: no special abilities


You were on level 2 of the Dungeon.
You visited 1 branch of the dungeon, and saw 2 of its levels.

You collected 73 gold pieces.


Innate Abilities, Weirdness & Mutations

You have a pair of horns on your head.
You reflexively headbutt those who attack you in melee.


   Skills:
 - Level 3.0 Fighting
 + Level 5.3 Ranged Weapons
 - Level 2.1 Dodging
 - Level 0.7 Stealth


You had 2 spell levels left.
You didn't know any spells.
Your spell library was empty.

Inventory:

Hand Weapons
 Y - a +0 shortbow (weapon)
Armour
 c - a +0 leather armour (worn)
Scrolls
 a - a scroll of teleportation {unknown}
 b - a scroll of silence {unknown}
Potions
 d - a potion of attraction {unknown}
 g - a potion of might {unknown}
 h - a potion of heal wounds {unknown}

Dungeon Overview and Level Annotations

Branches:
Dungeon (2/15)

Altars:

Annotations:
D:2 Sigmund


Message History

You shoot an arrow.
The arrow hits Sigmund but does no damage.
An endoplasm comes into view.
You shoot an arrow. The endoplasm quivers.
The arrow hits Sigmund!
Sigmund is moderately wounded.
You shoot an arrow. The arrow hits Sigmund.
Sigmund is moderately wounded.
An adder comes into view.
You shoot an arrow. The arrow barely misses Sigmund.
The arrow misses the adder.
The adder hisses angrily.
You shoot an arrow. The arrow hits Sigmund!
Sigmund is severely wounded.
Sigmund hits you from afar with a +0 scythe.
You shoot an arrow. The arrow hits Sigmund!
Sigmund is almost dead.
Sigmund casts a spell at you.
You are confused.
A giant cockroach comes into view.
A worm comes into view.
Sigmund misses you. The endoplasm barely misses you.
The adder closely misses you. Sigmund barely misses you.
The endoplasm freezes you.
You are frozen.
The adder bites you. The endoplasm closely misses you.
The adder bites you but does no damage.
Sigmund hits you from afar with a +0 scythe.
The adder closely misses you. The endoplasm closely misses you.
The adder closely misses you.
Sigmund hits you from afar with a +0 scythe.
The endoplasm freezes you.
You are frozen.
You feel less confused. The adder closely misses you. You furiously retaliate!
You headbutt the adder. The endoplasm closely misses you.
You shoot an arrow. The arrow hits the adder!
You kill the adder!
The giant cockroach misses you.
Sigmund hits you from afar with a +0 scythe!
You die...

#...$...# #
########.......## #
.##.....##........#.# #
.=.......##...........##
....!.....#...#..##.....
........................
........................
.....@JB.........#####.#
...w$.%@.......#######.#
................###<...#
..............#..)..##
.##..........%#.....#
###########.#....%###
#.^.......##
#########... ####


You could see Sigmund, a worm, an endoplasm and a giant cockroach.

Vanquished Creatures
  An adder (D:2)
  A dart slug (D:1)
  3 endoplasms
  3 goblins (D:1)
  2 hobgoblins (D:1)
  2 kobolds (D:1)
  3 quokkas (D:1)
  7 ball pythons
  3 bats
  A frilled lizard (D:1)
  A rat (D:1)
27 creatures vanquished.

Notes
Turn   | Place    | Note
-------+----------+-------------------------------------------
     0 | D:1      | qw the Minotaur Hunter began the quest for the Orb.
     0 | D:1      | Reached XP level 1. HP: 18/18 MP: 0/0
     0 | D:1      | 0 ||| qw: Version: 0.2-a-119-g0488c42
     0 | D:1      | 0 ||| qw: Game counter: 2723
     0 | D:1      | 0 ||| qw: Always use a shield: true
     0 | D:1      | 0 ||| qw: God list: Okawaru
     0 | D:1      | 0 ||| qw: Allow faded altars: false
     0 | D:1      | 0 ||| qw: Do Orc after D:15 true
     0 | D:1      | 0 ||| qw: Do second Lair branch before Depths: true
     0 | D:1      | 0 ||| qw: Lair rune preference: random
     0 | D:1      | 0 ||| qw: Plans: Normal
     0 | D:1      | 0 ||| PLANNING D:1-11
   233 | D:1      | Reached XP level 2. HP: 25/25 MP: 1/1
   258 | D:1      | Reached skill level 5 in Ranged Weapons
   594 | D:1      | Reached skill level 3 in Fighting
   818 | D:1      | 818 ||| READING 2 scrolls labelled NUSO LUNTO.
   819 | D:1      | 819 ||| READING scroll labelled BEEQUZX TIT POMA.
   820 | D:1      | 820 ||| DROPPING scroll of noise.
   821 | D:1      | 821 ||| DROPPING scroll of butterflies.
   907 | D:2      | Reached XP level 3. HP: 30/31 MP: 2/2
   915 | D:2      | Noticed Sigmund
   928 | D:2      | Slain by Sigmund

Levels and vault maps discovered:
D:1:      psy_arrival_wood_between_worlds, layout_basic
D:2:      layout_rooms, uniq_sigmund

Skill      XL: |  1  2 |
---------------+-------+-----
Ranged Weapons | 5 |  5.3
Fighting       | 3 |  3.0
Dodging        | |  2.1
Stealth        | |  0.7

Action                     || total
---------------------------++-------
   Fire: Shortbow          ||    87
    Use: Scroll            ||     2
 Armour: Leather armour    ||     6
  Dodge: Dodged            ||    31

Table legend:
 A = Non-vault XP
 B = Vault XP
 C = Vault XP percentage of total XP
 D = Non-vault monster count
 E = Vault monster count
 F = Vault count percentage of total count
                 A         B        C        D         E       F
            +---------+---------+-------+---------+---------+-------
      Total |      60 |       0 |   0.0 |      27 |       0 |   0.0
            +---------+---------+-------+---------+---------+-------
        D:1 |      35 |       0 |   0.0 |      20 |       0 |   0.0
        D:2 |      25 |       0 |   0.0 |       7 |       0 |   0.0
            +---------+---------+-------+---------+---------+-------
